 Dungeon Crawl Stone Soup version 0.28.0-45-g0d030f2227 (webtiles) character file.

Game seed: 9467025367680383335

21 zeratav the Insei (level 2, -1/18 HPs)
             Began as an Octopode Transmuter on Apr 9, 2022.
             Succumbed to an adder's poison
             ... on level 2 of the Dungeon.
             The game lasted 00:01:13 (1259 turns).

zeratav the Insei (Octopode Transmuter)             Turns: 1259, Time: 00:01:13

Health: -1/18      AC:  1    Str:  9    XL:     2   Next: 87%
Magic:  4/5        EV: 13    Int: 15    God:
Gold:   43         SH:  0    Dex: 12    Spells: 4/5 levels left

rFire   . . .      SeeInvis .     - Unarmed
rCold   . . .      Faith    .   (no shield)
rNeg    . . .      Spirit   .   (helmet currently unavailable)
rPois   .          Reflect  .   (no amulet)
rElec   .          Harm     .   (no ring)
rCorr   .          Rampage  .   (no ring)
Will    .....                   (no ring)
Stlth   +++.......              (no ring)
HPRegen 0.06/turn               (no ring)
MPRegen 0.09/turn               (no ring)
                                (no ring)
                                (no ring)

@: lethally poisoned (-1 -> -10), appendages (expiring)
A: tentacle spike 3, almost no armour, amphibious, 8 rings, camouflage 1,
gelatinous body 1, (nimble swimmer 1), tentacles
a: End Transformation


You were on level 2 of the Dungeon.
One of your tentacles had grown a beastly spike.
You visited 1 branch of the dungeon, and saw 2 of its levels.

You collected 43 gold pieces.


Innate Abilities, Weirdness & Mutations

One of your tentacles has grown a beastly spike.
You cannot wear most types of armour.
You are amphibious.
You can wear up to eight rings at the same time.
Your skin changes colour to match your surroundings (Stealth+).
Your rubbery body absorbs attacks. (AC +1, EV +1)
((You are camouflaged when in or above water. (Stealth+)))
You have tentacles for arms and can constrict up to eight enemies at once.


   Skills:
 + Level 1.4 Fighting
 + Level 2.2 Dodging
 + Level 1.3 Stealth
 * Level 3.4 Unarmed Combat
 - Level 2.0 Spellcasting
 - Level 2.0 Transmutations


You had 4 spell levels left.
You knew the following spells:

 Your Spells              Type           Power      Damage    Failure   Level
a - Beastly Appendage     Tmut           14%        N/A       10%         1

Your spell library contained the following spells:

 Spells                   Type           Power      Damage    Failure   Level
 Wereblood                Tmut           7%         N/A       14%         2
 Static Discharge         Conj/Air       1%         N/A       32%         2
 Spider Form              Tmut/Pois      4%         N/A       41%         3
 Ice Form                 Ice/Tmut       4%         N/A       82%         4
 Lightning Bolt           Conj/Air       0%         1d11      99%         5
 Maxwell's Capacitive Co  Air            0%         ∞         100%        8

Inventory:

Jewellery
 e - a ring of fire
   (You found it on level 1 of the Dungeon)
Scrolls
 a - a scroll of enchant weapon {unknown}
 d - a scroll of teleportation {unknown}
 h - a scroll of vulnerability {unknown}
Potions
 b - a potion of mutation {unknown}
 c - a potion of degeneration {unknown}
 f - a potion of curing {unknown}
 g - a potion of haste {unknown}

Dungeon Overview and Level Annotations

Branches:
Dungeon (2/15)

Altars:

###### .....#
...#.#########
##...........#
###.#######.#
#.#
#.#########.#
#.#
#....@†.....#
#.#
#.###########
#.# #.# #.#
#.# #># #.#
##.# #.## #..#
#..##########
#.##
#..##.......#
#.#
#..##..<...[#


There were no monsters in sight!


Message History

No target in view!
No target in view!
No target in view!
No target in view!
No target in view!
No target in view!
No target in view!
No target in view!
Your tentacle spike disappears.
There is a stone staircase leading up here.
g - an amethyst potion HP[+2]
Your hp is fully restored (18).
You now have 43 gold pieces (gained 9).
A bat comes into view.
One of your tentacles grows a vicious spike.
MP[-1]
You lost 1 mp, and now have 4/5 mp.
The helpless bat fails to defend itself.
You tentacle-slap the bat. Your grab misses the bat.
Your squeeze misses the bat. The bat hits you but does no damage.
The bat completely misses you.
You closely miss the bat. You grab the bat.
Your tentacle spike misses the bat.
You constrict the bat. The bat hits you.
The bat escapes!
HP[-1]
You take 1 damage, and now have 17/18 hp.
Your transformation is almost over.
The bat hits you but does no damage.
You miss the bat. Your grab misses the bat. Your squeeze misses the bat.
The bat closely misses you. x2
You miss the bat. Your grab misses the bat. The bat misses you.
The bat hits you.
You tentacle-slap the bat.
You kill the bat!
No target in view!
No target in view!
No target in view!
No target in view!
No target in view!
Your tentacle spike disappears.
Found a stone staircase leading down.
HP[+1] MP[+1]
Your hp is fully restored (18).
Your mp is fully restored (5).
One of your tentacles grows a vicious spike.
MP[-1]
You lost 1 mp, and now have 4/5 mp.
Your transformation is almost over.
h - a scroll labelled ADDONE CUWIFF Your tentacle spike disappears.
MP[+1]
Your mp is fully restored (5).
An adder comes into view.
One of your tentacles grows a vicious spike.
MP[-1]
You lost 1 mp, and now have 4/5 mp.
The adder bites you. x2
You are poisoned.
The adder poisons you!
HP[-3]
You take 3 damage, and now have 15/18 hp.
You barely miss the adder. Your grab misses the adder.
You feel sick. The adder bites you.
HP[-4]
You take 4 damage, and now have 11/18 hp.
MASSIVE DAMAGE!! (PAUSE)
You tentacle-slap the adder. Your grab misses the adder.
You pierce the adder.
Your squeeze misses the adder.
You feel sick. The adder bites you.
* * * LOW HITPOINT WARNING * * *
You are lethally poisoned!
The adder poisons you!
HP[-2]
You take 2 damage, and now have 9/18 hp.
You tentacle-slap the adder but do no damage.
You grab the adder.
You tentacle-slap the adder, but do no damage.
Your transformation is almost over.
You constrict the adder, but do no damage.
* * * LOW HITPOINT WARNING * * *
You feel sick. The adder closely misses you.
HP[-2]
You take 2 damage, and now have 7/18 hp.
You tentacle-slap the adder. You constrict the adder.
* * * LOW HITPOINT WARNING * * *
You feel sick. The adder bites you.
* * * LOW HITPOINT WARNING * * *
You are more poisoned.
The adder poisons you! The adder misses you.
HP[-4]
You take 4 damage, and now have 3/18 hp.
MASSIVE DAMAGE!! (PAUSE) Unknown command.
You barely miss the adder.
You constrict the adder, but do no damage.
* * * LOW HITPOINT WARNING * * *
You feel sick. The adder misses you.
HP[-2]
You take 2 damage, and now have 1/18 hp.
You tentacle-slap the adder.
You pierce the adder.
You kill the adder!
You die...

Skill      XL: |  1  2 |
---------------+-------+-----
Stealth        | 1 |  1.3
Fighting       | |  1.4
Dodging        | |  2.2
Unarmed Combat | |  3.4
Spellcasting   | |  2.0
Transmutations | |  2.0

Action                   || total
-------------------------++-------
Melee: Unarmed           ||    47
       Constrict         ||    12
       Tentacles         ||     6
       Kick              ||    13
       Punch             ||     1
 Cast: Beastly Appendage ||    17
 Stab: Sleeping          ||     5
Armor: Skin              ||     3
Dodge: Dodged            ||    31

Levels and vault maps discovered:
D:1:      saegor_arrival_simple_b, layout_loops_ring
D:2:      layout_loops_ring

Notes
Turn   | Place    | Note
-------+----------+-------------------------------------------
     0 | D:1      | zeratav the Octopode Transmuter began the quest for the
                  | Orb.
     0 | D:1      | Reached XP level 1. HP: 13/13 MP: 3/3
     0 | D:1      | magus.rc [v1.9.6]
   351 | D:1      | Reached XP level 2. HP: 8/18 MP: 3/5
   634 | D:1      | Reached skill level 1 in Stealth
  1116 | D:2      | You pick up a book of Lightning and begin reading...
  1116 | D:2      | You add the spells Static Discharge, Lightning Bolt and
                  | Maxwell's Capacitive Coupling to your library.
  1257 | D:2      | HP: 3/18 [adder (3)]
  1258 | D:2      | HP: 1/18 [poisoned by an adder]
  1259 | D:2      | Succumbed to an adder's poison

Vanquished Creatures
  An adder (D:2)
  2 bats
  4 endoplasms (D:1)
  2 giant cockroaches
  A goblin (D:2)
  A hobgoblin (D:1)
  A quokka (D:1)
  A ball python (D:1)
  2 frilled lizards
  2 kobolds
  4 rats (D:1)
21 creatures vanquished.

Table legend:
 A = Non-vault XP
 B = Vault XP
 C = Vault XP percentage of total XP
 D = Non-vault monster count
 E = Vault monster count
 F = Vault count percentage of total count
                 A         B        C        D         E       F
            +---------+---------+-------+---------+---------+-------
      Total |      44 |       0 |   0.0 |      21 |       0 |   0.0
            +---------+---------+-------+---------+---------+-------
        D:1 |      23 |       0 |   0.0 |      15 |       0 |   0.0
        D:2 |      21 |       0 |   0.0 |       6 |       0 |   0.0
            +---------+---------+-------+---------+---------+-------

Illustrated notes

Table legend:
 A = Kills in this place as a percentage of kills in entire the game.
 B = Kills by you in this place as a percentage of kills by you in the entire game.
 C = Kills by friends in this place as a percentage of kills by friends in the entire game.
 D = Other kills in this place as a percentage of other kills in the entire game.
 E = Experience gained in this place as a percentage of experience gained in the entire game.
 F = Experience gained in this place divided by the number of levels of this place that you have seen.
                   A       B       C       D       E      F
               +-------+-------+-------+-------+-------+----------------------
         Total | 100.0 | 100.0 |   N/A |   N/A | 100.0 |  22.0
       Dungeon | 100.0 | 100.0 |   N/A |   N/A | 100.0 |  22.0
               +-------+-------+-------+-------+-------+----------------------

Table legend: (Time is in decaauts)
 A = Elapsed time spent in this place.
 B = Non-inter-level travel time spent in this place.
 C = Inter-level travel time spent in this place.
 D = Time resting spent in this place.
 E = Time spent auto-exploring this place.
 F = Levels seen in this place.
 G = Mean time per level.
                   A        B        C        D        E       F      G
               +--------+--------+--------+--------+--------+-----+--------+
         Total |   1256 |   1251 |      5 |      0 |   1094 |   2 |  628.0 |
       Dungeon |   1256 |   1251 |      5 |      0 |   1094 |   2 |  628.0 |
               +--------+--------+--------+--------+--------+-----+--------+

Top non-repeatable levels by time:
     D:1: 1087 daAuts
     D:2: 168 daAuts
